TOP OF THE 1ST |
Indianapolis Indians batting - Pitching for Lehigh Valley IronPigs : LHP John Murray
|
Pitching: LHP John Murray
|
|
Batting: SHB Francisco Gutierrez
|
0-0: Foul Ball, location: 2F 0-1: Foul Ball, location: 2F 0-2: Ball 1-2: Strikes out looking
|
Batting: RHB Bubba Tierney
|
0-0: Ground out 6-3 (Groundball, 6, EV 81.9 MPH)
|
Batting: LHB Micah Boshnjaku
|
0-0: Called Strike 0-1: Swinging Strike 0-2: Strikes out swinging
|
Top of the 1st over - 0 runs, 0 hits, 0 errors, 0 left on base; Indianapolis 0 - Lehigh Valley 0 |
BOTTOM OF THE 1ST |
Lehigh Valley IronPigs batting - Pitching for Indianapolis Indians : RHP Ian Toney
|
Pitching: RHP Ian Toney
|
|
Batting: RHB Chris Pounds
|
0-0: Called Strike 0-1: Foul Ball, location: 2F 0-2: Ball 1-2: Foul Ball, location: 2F 1-2: Ground out 4-3 (Groundball, 4S, EV 88.1 MPH)
|
Batting: SHB Phuck II
|
0-0: Called Strike 0-1: Foul Ball, location: 2F 0-2: Ball 1-2: Ball 2-2: Foul Ball, location: 2F 2-2: SINGLE (Groundball, 34D, EV 97.5 MPH)
|
Batting: LHB Danny Hill
|
0-0: Called Strike 0-1: Foul Ball, location: 2F 0-2: Fly out, F8 (Line Drive, 8RM, EV 103.1 MPH)
|
Batting: LHB Osamu Kubo
|
Pickoff Throw to First - Out! 1-3 CS
|
Bottom of the 1st over - 0 runs, 1 hit, 0 errors, 0 left on base; Indianapolis 0 - Lehigh Valley 0 |
TOP OF THE 2ND |
Indianapolis Indians batting - Pitching for Lehigh Valley IronPigs : LHP John Murray
|
Batting: SHB Louie Horne
|
0-0: Ball 1-0: Foul Ball, location: 2F 1-1: SINGLE (Flyball, 8RS, EV 98.1 MPH)
|
Batting: LHB Jorge Quintana
|
0-0: Called Strike 0-1: Ball 1-1: Fielders Choice at 2nd, 4-6 (Groundball, 4S, EV 91.9 MPH)
|
Batting: RHB Caleb Russell
|
0-0: Ball 1-0: Swinging Strike 1-1: Foul Ball, location: 2F 1-2: Ball 2-2: SINGLE (Line Drive, 6M, EV 96.9 MPH) Jorge Quintana to second
|
Batting: SHB Ben Myers
|
0-0: Ball 1-0: Foul Ball, location: 2F 1-1: Ball 2-1: Fly out, F6 (Popup, 56D, EV 50.6 MPH)
|
Batting: SHB Trevor Weareorwear
|
0-0: Foul Ball, location: 2F 0-1: Foul Ball, location: 2F 0-2: Strikes out swinging
|
Top of the 2nd over - 0 runs, 2 hits, 0 errors, 2 left on base; Indianapolis 0 - Lehigh Valley 0 |
BOTTOM OF THE 2ND |
Lehigh Valley IronPigs batting - Pitching for Indianapolis Indians : RHP Ian Toney
|
Batting: LHB Osamu Kubo
|
0-0: Foul Ball, location: 2F 0-1: Ball 1-1: Called Strike 1-2: Foul Ball, location: 2F 1-2: Ground out 2-3 (Groundball, 13S, EV 69.4 MPH)
|
Batting: LHB Jose Carlos
|
0-0: Ball 1-0: Fly out, F9 (Flyball, 89M, EV 91.2 MPH)
|
Batting: RHB Bill Moldenhauer
|
0-0: Ball 1-0: Ball 2-0: Ball 3-0: Base on Balls
|
Batting: RHB Kyle Reilly
|
0-0: Ball 1-0: Ball 2-0: Called Strike 2-1: Swinging Strike 2-2: Strikes out swinging
|
Bottom of the 2nd over - 0 runs, 0 hits, 0 errors, 1 left on base; Indianapolis 0 - Lehigh Valley 0 |
TOP OF THE 3RD |
Indianapolis Indians batting - Pitching for Lehigh Valley IronPigs : LHP John Murray
|
Batting: RHB Chris McCoy
|
0-0: Bunt missed! 0-1: Ground out U3 (Groundball, 3, EV 80.6 MPH)
|
Batting: SHB Francisco Gutierrez
|
0-0: Ball 1-0: Swinging Strike 1-1: Called Strike 1-2: Ground out 6-3 (Groundball, 6, EV 103.8 MPH)
|
Batting: RHB Bubba Tierney
|
0-0: Ball 1-0: Swinging Strike 1-1: Fly out, F8 (Flyball, 8LM, EV 78.8 MPH)
|
Top of the 3rd over - 0 runs, 0 hits, 0 errors, 0 left on base; Indianapolis 0 - Lehigh Valley 0 |
BOTTOM OF THE 3RD |
Lehigh Valley IronPigs batting - Pitching for Indianapolis Indians : RHP Ian Toney
|
Batting: RHB Luis Arce
|
0-0: Ball 1-0: Foul Ball, location: 2F 1-1: Swinging Strike 1-2: Ball 2-2: Strikes out looking
|
Batting: RHB Jake Cox
|
0-0: Ball 1-0: Ball 2-0: Ball 3-0: Called Strike 3-1: SOLO HOME RUN (Flyball, 7D, EV 98.8 MPH), Distance : 387 ft
|
Batting: RHB Chris Pounds
|
0-0: Ball 1-0: Called Strike 1-1: Ball 2-1: Foul Ball, location: 2F 2-2: SINGLE (Groundball, 6MD, EV 95.0 MPH)
|
Batting: SHB Phuck II
|
0-0: Ball 1-0: Foul Ball, location: 2F 1-1: Swinging Strike 1-2: Foul Ball, location: 2F 1-2: Ground out 4-3 (Groundball, 34, EV 88.1 MPH) Chris Pounds to second
|
Batting: LHB Danny Hill
|
0-0: Ball 1-0: Ball 2-0: Ball 3-0: Called Strike 3-1: Base on Balls
|
Batting: LHB Osamu Kubo
|
0-0: Called Strike 0-1: Called Strike 0-2: Foul Ball, location: 2F 0-2: Strikes out swinging
|
Bottom of the 3rd over - 1 run, 2 hits, 0 errors, 2 left on base; Indianapolis 0 - Lehigh Valley 1 |
TOP OF THE 4TH |
Indianapolis Indians batting - Pitching for Lehigh Valley IronPigs : LHP John Murray
|
Batting: LHB Micah Boshnjaku
|
0-0: Called Strike 0-1: Ball 1-1: SINGLE (Flyball, 6MD, EV 94.4 MPH)
|
Batting: SHB Louie Horne
|
0-0: Called Strike 0-1: Ball 1-1: Fly out, F9 (Flyball, 9D, EV 110.6 MPH)
|
Batting: LHB Jorge Quintana
|
0-0: Called Strike Micah Boshnjaku steals 2nd base (no throw) 0-1: Foul Ball, location: 2F 0-2: Strikes out looking
|
Batting: RHB Caleb Russell
|
0-0: Called Strike 0-1: Foul Ball, location: 2F 0-2: Ball 1-2: Ball 2-2: Foul Ball, location: 2F 2-2: Foul Ball, location: 2F 2-2: Strikes out swinging
|
Top of the 4th over - 0 runs, 1 hit, 0 errors, 1 left on base; Indianapolis 0 - Lehigh Valley 1 |
BOTTOM OF THE 4TH |
Lehigh Valley IronPigs batting - Pitching for Indianapolis Indians : RHP Ian Toney
|
Batting: LHB Jose Carlos
|
0-0: Ball 1-0: Ball 2-0: Called Strike 2-1: Ground out 5-3 (Groundball, 56, EV 83.1 MPH)
|
Batting: RHB Bill Moldenhauer
|
0-0: Ball 1-0: Called Strike 1-1: Swinging Strike 1-2: Foul Ball, location: 2F 1-2: Ground out 6-3 (Groundball, 6, EV 81.2 MPH)
|
Batting: RHB Kyle Reilly
|
0-0: Ball 1-0: Ground out 1-3 (Groundball, 13S, EV 73.1 MPH)
|
Bottom of the 4th over - 0 runs, 0 hits, 0 errors, 0 left on base; Indianapolis 0 - Lehigh Valley 1 |
TOP OF THE 5TH |
Indianapolis Indians batting - Pitching for Lehigh Valley IronPigs : LHP John Murray
|
Batting: SHB Ben Myers
|
0-0: Called Strike 0-1: Ball 1-1: Ball 2-1: Foul Ball, location: 2F 2-2: Foul Ball, location: 2F 2-2: Ball 3-2: Foul Ball, location: 2F 3-2: Ground out 5-3 (Groundball, 5, EV 81.2 MPH)
|
Batting: SHB Trevor Weareorwear
|
0-0: Ball 1-0: SINGLE (Groundball, 56D, EV 96.9 MPH)
|
Batting: RHB Chris McCoy
|
0-0: Ball 1-0: Foul Ball, location: 2F 1-1: Foul Ball, location: 2F 1-2: DOUBLE (Flyball, 78D, EV 112.5 MPH) Trevor Weareorwear to third
|
Batting: SHB Francisco Gutierrez
|
0-0: Fly out, F7 (Flyball, 78S, EV 93.8 MPH)
|
Batting: RHB Bubba Tierney
|
0-0: Reached on error, E4 (Groundball, 4, EV 99.4 MPH) Trevor Weareorwear scores Chris McCoy to third
|
Batting: LHB Micah Boshnjaku
|
0-0: Ground out U3 (Groundball, 3, EV 104.4 MPH)
|
Top of the 5th over - 1 run, 2 hits, 1 error, 2 left on base; Indianapolis 1 - Lehigh Valley 1 |
BOTTOM OF THE 5TH |
Lehigh Valley IronPigs batting - Pitching for Indianapolis Indians : RHP Ian Toney
|
Batting: RHB Luis Arce
|
0-0: Fly out, F9 (Flyball, 9LM, EV 105.0 MPH)
|
Batting: RHB Jake Cox
|
0-0: Hit by Pitch
|
Batting: RHB Chris Pounds
|
0-0: Ball 1-0: Grounds into double play, 4-6-3 (Groundball, 4, EV 84.4 MPH)
|
Bottom of the 5th over - 0 runs, 0 hits, 0 errors, 0 left on base; Indianapolis 1 - Lehigh Valley 1 |
TOP OF THE 6TH |
Indianapolis Indians batting - Pitching for Lehigh Valley IronPigs : LHP John Murray
|
Batting: SHB Louie Horne
|
0-0: Fly out, F3 (Popup, 3SF, EV 83.1 MPH)
|
Batting: LHB Jorge Quintana
|
0-0: Called Strike 0-1: Called Strike 0-2: Fly out, F8 (Flyball, 78D, EV 101.9 MPH)
|
Batting: RHB Caleb Russell
|
0-0: Foul Ball, location: 2F 0-1: Foul Ball, location: 2F 0-2: Ball 1-2: Foul Ball, location: 2F 1-2: Ball 2-2: Foul Ball, location: 2F 2-2: Hit by Pitch
|
Batting: SHB Ben Myers
|
0-0: Foul Ball, location: 2F 0-1: Ground out 4-3 (Groundball, 4, EV 81.9 MPH)
|
Top of the 6th over - 0 runs, 0 hits, 0 errors, 1 left on base; Indianapolis 1 - Lehigh Valley 1 |
BOTTOM OF THE 6TH |
Lehigh Valley IronPigs batting - Pitching for Indianapolis Indians : RHP Ian Toney
|
Batting: SHB Phuck II
|
0-0: Ball 1-0: Ball 2-0: Called Strike 2-1: Called Strike 2-2: Strikes out swinging
|
Batting: LHB Danny Hill
|
0-0: Ball 1-0: SINGLE (Line Drive, 56D, EV 102.5 MPH)
|
Batting: LHB Osamu Kubo
|
0-0: Ball 1-0: Ball 2-0: Ball 3-0: Base on Balls Danny Hill to second
|
Batting: LHB Jose Carlos
|
0-0: Ball 1-0: Called Strike 1-1: Ball 2-1: Called Strike 2-2: Strikes out swinging
|
Batting: RHB Bill Moldenhauer
|
0-0: Ball 1-0: Ball 2-0: SINGLE (Line Drive, 4M, EV 94.4 MPH) Danny Hill to third Osamu Kubo to second
|
Batting: RHB Kyle Reilly
|
0-0: Called Strike 0-1: SINGLE (Groundball, 56D, EV 95.0 MPH) Danny Hill scores Osamu Kubo to third Bill Moldenhauer to second Runner from 3rd tries for Home, SAFE, throw by LF to home
|
Batting: RHB Luis Arce
|
0-0: Ball 1-0: Ball 2-0: SINGLE (Line Drive, 56, EV 101.2 MPH) Bill Moldenhauer to third Kyle Reilly to second Throwing error, E7 Bill Moldenhauer scores Kyle Reilly to third Luis Arce to second
|
Batting: RHB Jake Cox
|
0-0: Called Strike 0-1: Ball 1-1: Foul Ball, location: 2F 1-2: Foul Ball, location: 2F 1-2: Foul Ball, location: 2F 1-2: DOUBLE (Line Drive, 7LS, EV 101.9 MPH) Kyle Reilly scores Luis Arce scores
|
Pitching: RHP Robbie Knowles
|
|
Batting: RHB Chris Pounds
|
0-0: Ball 1-0: Foul Ball, location: 2F 1-1: Ball 2-1: Ball 3-1: Base on Balls
|
Batting: SHB Phuck II
|
0-0: Ball 1-0: Ball 2-0: Called Strike 2-1: Called Strike 2-2: Foul Ball, location: 2F 2-2: SINGLE (Groundball, 4M, EV 84.4 MPH) (infield hit) Jake Cox to third Chris Pounds to second
|
Batting: LHB Danny Hill
|
0-0: Called Strike 0-1: Called Strike 0-2: Ball 1-2: Ball 2-2: Ball 3-2: Base on Balls Jake Cox scores Chris Pounds to third Phuck II to second
|
Batting: LHB Osamu Kubo
|
0-0: Foul Ball, location: 2F 0-1: Foul Ball, location: 2F 0-2: Ball 1-2: SINGLE (Flyball, 9S, EV 90.6 MPH) Chris Pounds scores Phuck II to third Danny Hill to second Runner from 3rd tries for Home, SAFE, throw by RF to home
|
Batting: LHB Jose Carlos
|
0-0: Called Strike 0-1: Called Strike 0-2: Strikes out looking
|
Bottom of the 6th over - 8 runs, 7 hits, 1 error, 2 left on base; Indianapolis 1 - Lehigh Valley 9 |
TOP OF THE 7TH |
Indianapolis Indians batting - Pitching for Lehigh Valley IronPigs : LHP John Murray
|
Batting: SHB Trevor Weareorwear
|
0-0: Ball 1-0: Foul Ball, location: 2F 1-1: Called Strike 1-2: Foul Ball, location: 2F 1-2: Strikes out swinging
|
Batting: RHB Chris McCoy
|
0-0: Swinging Strike 0-1: Ball 1-1: Ground out 6-3 (Groundball, 6S, EV 71.2 MPH)
|
Pinch Hitting: RHB Matt Keef
|
0-0: Ball 1-0: Ball 2-0: Ground out 3-1 (Groundball, 34, EV 78.8 MPH)
|
Top of the 7th over - 0 runs, 0 hits, 0 errors, 0 left on base; Indianapolis 1 - Lehigh Valley 9 |
BOTTOM OF THE 7TH |
Lehigh Valley IronPigs batting - Pitching for Indianapolis Indians : RHP Robbie Knowles
|
Now at 2B: Matt Keef
|
|
Batting: RHB Bill Moldenhauer
|
0-0: Ball 1-0: Called Strike 1-1: Fly out, F7 (Line Drive, 78M, EV 85.6 MPH)
|
Pinch Hitting: SHB Cesar Arteaga
|
0-0: Ball 1-0: Ball 2-0: Ground out 4-3 (Groundball, 4, EV 86.9 MPH)
|
Batting: RHB Luis Arce
|
0-0: Ball 1-0: SINGLE (Line Drive, 6M, EV 101.2 MPH)
|
Batting: RHB Jake Cox
|
0-0: Fly out, F9 (Flyball, 89D, EV 99.4 MPH)
|
Bottom of the 7th over - 0 runs, 1 hit, 0 errors, 1 left on base; Indianapolis 1 - Lehigh Valley 9 |
TOP OF THE 8TH |
Indianapolis Indians batting - Pitching for Lehigh Valley IronPigs : LHP John Murray
|
Now in RF: Cesar Arteaga
|
|
Batting: RHB Bubba Tierney
|
0-0: Called Strike 0-1: Ball 1-1: SINGLE (Groundball, 6MD, EV 97.5 MPH)
|
Batting: LHB Micah Boshnjaku
|
0-0: Called Strike 0-1: Ball 1-1: Called Strike 1-2: Foul Ball, location: 2F 1-2: Ball 2-2: Foul Ball, location: 2F 2-2: Strikes out swinging
|
Pitching: RHP Chris Lee
|
|
Pinch Hitting: RHB Terry Sutherland
|
0-0: Called Strike 0-1: Fielders Choice at 2nd, 3-6 (Groundball, 34, EV 81.9 MPH)
|
Batting: LHB Jorge Quintana
|
0-0: Called Strike 0-1: Foul Ball, location: 2F 0-2: Foul Ball, location: 2F 0-2: SINGLE (Groundball, 34D, EV 97.5 MPH) Terry Sutherland to second Runner from 2nd tries for 3rd, SAFE, no throw by RF
|
Batting: RHB Caleb Russell
|
0-0: Foul Ball, location: 2F 0-1: Foul Ball, location: 2F 0-2: Strikes out swinging
|
Top of the 8th over - 0 runs, 2 hits, 0 errors, 2 left on base; Indianapolis 1 - Lehigh Valley 9 |
BOTTOM OF THE 8TH |
Lehigh Valley IronPigs batting - Pitching for Indianapolis Indians : RHP Robbie Knowles
|
Now at 1B: Terry Sutherland
|
|
Batting: RHB Chris Pounds
|
0-0: Ball 1-0: Ball 2-0: Foul Ball, location: 2F 2-1: Fly out, F8 (Flyball, 89M, EV 83.1 MPH)
|
Pinch Hitting: RHB Fletcher Easter
|
0-0: Ball 1-0: Ground out 4-3 (Groundball, 4, EV 83.8 MPH)
|
Pitching: RHP Albert Carrero
|
|
Batting: LHB Danny Hill
|
0-0: Called Strike 0-1: Ball 1-1: Ball 2-1: Ball 3-1: Foul Ball, location: 2F 3-2: Foul Ball, location: 2F 3-2: Strikes out looking
|
Bottom of the 8th over - 0 runs, 0 hits, 0 errors, 0 left on base; Indianapolis 1 - Lehigh Valley 9 |
TOP OF THE 9TH |
Indianapolis Indians batting - Pitching for Lehigh Valley IronPigs : RHP Chris Lee
|
Now at 1B: Raul de la Cruz
|
|
Batting: SHB Ben Myers
|
0-0: Ball 1-0: Foul Ball, location: 2F 1-1: Foul Ball, location: 2F 1-2: Fly out, F8 (Line Drive, 8LD, EV 100.0 MPH)
|
Pinch Hitting: RHB Jorge Cruz
|
0-0: Foul Ball, location: 2F 0-1: Ball 1-1: Called Strike 1-2: Ball 2-2: Foul Ball, location: 2F 2-2: Foul Ball, location: 2F 2-2: Ball 3-2: Ground out 6-3 (Groundball, 56, EV 101.2 MPH)
|
Batting: RHB Chris McCoy
|
0-0: Ground out 6-3 (Groundball, 56D, EV 103.1 MPH)
|
Top of the 9th over - 0 runs, 0 hits, 0 errors, 0 left on base; Indianapolis 1 - Lehigh Valley 9 |
|